 Dungeon Crawl Stone Soup version 0.29-a0-1016-g236c7fd91e (webtiles) character file.

Game seed: 12719730914865334485

1930 nickcage the Spear-Bearer (level 8, -3/64 HPs)
             Began as a Minotaur Berserker on Aug 9, 2022.
             Was an Elder of Trog.
             Slain by an orc warrior
             ... wielding a +0 war axe
              (14 damage)
             ... on level 6 of the Dungeon.
             The game lasted 00:14:48 (5764 turns).

nickcage the Spear-Bearer (Minotaur Berserker)      Turns: 5764, Time: 00:14:49

Health: -3/64      AC:  7    Str: 35    XL:     8   Next: 97%
Magic:  7/7        EV: 11    Int:  9    God:    Trog [****..]
Gold:   345        SH:  0    Dex: 10    Spells: 7/7 levels left

rFire   . . .      SeeInvis .   a - +1 spear
rCold   . . .      Faith    .   (no shield)
rNeg    . . .      Spirit   .   j - +0 scale mail
rPois   .          Reflect  .   (helmet restricted)
rElec   .          Harm     .   D - +0 cloak
rCorr   .          Rampage  .   (no gloves)
Will    +....                   (no boots)
Stlth   ..........              l - amulet of Idynkolo {Regen+ Str+5 Int+5}
HPRegen 1.00/turn               t - +6 ring of strength
MPRegen 0.10/turn               y - ring of willpower

@: no status effects
A: horns 2, retaliatory headbutt
a: Renounce Religion, Berserk, Trog's Hand, Brothers in Arms


You were on level 6 of the Dungeon.
You worshipped Trog.
Trog was greatly pleased with you.
You visited 1 branch of the dungeon, and saw 6 of its levels.
You also visited: Sewer.

You collected 367 gold pieces.
You spent 22 gold pieces at shops.

Inventory:

Hand Weapons
 a - a +1 spear (weapon)
 h - a +2 vorpal great sword
 C - a +0 vampiric spear
Missiles
 m - 10 boomerangs (quivered)
Armour
 b - a +0 animal skin
 j - a +0 scale mail (worn)
 w - the +1 leather armour of Darkness {rElec rF+}
   (You found it on level 3 of the Dungeon)

   rF:        It protects you from fire.
   rElec:     It insulates you from electricity.
 D - a +0 cloak (worn)
Jewellery
 l - the amulet of Idynkolo (around neck) {Regen+ Str+5 Int+5}
   (You acquired it on level 5 of the Dungeon)

   [amulet of regeneration]

   Str:       It affects your strength (+5).
   Int:       It affects your intelligence (+5).
   Regen:     It increases your rate of health regeneration.
 r - a ring of fire
 s - a ring of willpower
 t - a +6 ring of strength (left hand)
 u - an amulet of guardian spirit
 y - a ring of willpower (right hand)
 F - a ring of resist corrosion
Wands
 z - a wand of mindburst (8)
 A - a wand of charming (11)
Scrolls
 d - a scroll of teleportation
 g - a scroll of immolation
 k - 4 scrolls of magic mapping
 n - a scroll of fear
 q - 3 scrolls of blinking
 v - a scroll of identify
 B - a scroll of enchant weapon
 E - a scroll of amnesia {unknown}
Potions
 c - a potion of cancellation
 e - 3 potions of curing
 f - a potion of degeneration
 i - 4 potions of heal wounds
 o - 2 potions of haste {unknown}
 p - a potion of lignification {unknown}
 x - a potion of brilliance {unknown}


   Skills:
 - Level 3.6 Fighting
 + Level 14.1 Polearms
 + Level 0.8 Throwing
 - Level 2.4 Armour
 - Level 2.1 Dodging


You had 7 spell levels left.
You didn't know any spells.
Your spell library was empty.

Dungeon Overview and Level Annotations

Branches:
Dungeon (6/15)             Temple (0/1) D:5           Sewer (visited)

Altars:
Ashenzari
Kikubaaqudgha
Sif Muna
Uskayaw
Wu Jian

Shops:
D:2 ?


Innate Abilities, Weirdness & Mutations

You have a pair of horns on your head.
You reflexively headbutt those who attack you in melee.


Message History

The orc warrior is heavily wounded.
The orc warrior misses you.
The orc priest looks satisfied for a moment.
The orc hits you with a +0 mace.
You puncture the orc warrior!
The orc warrior is severely wounded.
You completely miss the orc warrior. Your headbutt misses the orc warrior.
The orc warrior is severely wounded.
The orc warrior misses you.
The orc priest invokes the aid of Beogh against you.
Pain shoots through your body! The orc hits you with a +0 mace.
You are too injured to fight recklessly!
You are too injured to fight recklessly!
You are too injured to fight recklessly!
You are too injured to fight recklessly!
You are too injured to fight recklessly!
You are too injured to fight recklessly!
You hit the orc warrior but do no damage.
The orc warrior is severely wounded.
You hit the orc warrior.
The orc warrior is severely wounded.
The orc warrior hits you with a +0 war axe!
* * * LOW HITPOINT WARNING * * *
The orc hits you with a +0 mace.
* * * LOW HITPOINT WARNING * * *
You hit the orc warrior but do no damage.
You headbutt the orc warrior.
The orc warrior is almost dead.
You closely miss the orc warrior.
The orc warrior is almost dead.
The orc warrior closely misses you. The orc priest closely misses you.
You furiously retaliate!
You headbutt the orc priest! The orc hits you but does no damage.
You hit the orc warrior but do no damage.
Your headbutt misses the orc warrior.
The orc warrior is almost dead.
You closely miss the orc priest.
The orc priest is severely wounded.
The orc warrior hits you with a +0 war axe!
You die...

....#.#..............#
.....#.....####.....# ..
#......<## #.....#
...#.......# #..#.## ##
...........# ##.#.# ..
...##...####### #...# ..
..............# ##..# ##
...##....####.# ...#..
.. ##...@# .....# .
.##..ooo......
.....#####..............
.....#.....##..........#
.....#.....##..........#
.....#.....##..........#
.....#....#............#
............#..........#
...###....###.


You could see an orc warrior, an orc priest and an orc.

Vanquished Creatures
  Prince Ribbit (D:5)
  The ghost of kd29 the Changer, an amateur OpTm (D:3)
  Edmund (D:4)
  A water moccasin (D:5)
  An ogre (D:5)
  A kobold brigand (D:6)
  3 bullfrogs
  A necrophage (D:5)
  5 scorpions
  A howler monkey (D:6)
  3 hounds
  A jelly (D:6)
  Crazy Yiuf (D:4)
  An orc priest (D:3)
  3 iguanas
  An orc wizard (D:6)
  16 adders
  A river rat (D:3)
  A shadow imp (D:5)
  2 ufetubi
  2 worms
  2 dart slugs
  17 orcs
  15 ball pythons
  13 endoplasms
  16 giant cockroaches
  2 goblins
  14 hobgoblins
  4 jackals (D:1)
  12 kobolds
  11 quokkas
  2 bats
  12 frilled lizards
  10 rats
178 creatures vanquished.

Notes
Turn   | Place    | Note
-------+----------+-------------------------------------------
     0 | D:1      | nickcage the Minotaur Berserker began the quest for the
                  | Orb.
     0 | D:1      | Reached XP level 1. HP: 19/19 MP: 0/0
    48 | D:1      | Reached skill level 4 in Polearms
    57 | D:1      | Reached XP level 2. HP: 25/26 MP: 1/1
   280 | D:1      | Reached ** piety under Trog
   313 | D:1      | Reached skill level 5 in Polearms
   682 | D:1      | Reached XP level 3. HP: 31/31 MP: 2/2
  1147 | D:2      | Found Deoschiy's Magic Scroll Emporium.
  1151 | D:2      | Bought a scroll of identify for 22 gold pieces
  1231 | D:2      | Identified the +0 leather armour of the Salmon {rPois Str-5
                  | Dex+4}
  1568 | D:2      | Found a faded altar of an unknown god.
  1583 | D:2      | Reached skill level 6 in Polearms
  1583 | D:2      | Reached XP level 4. HP: 39/39 MP: 3/3
  1682 | D:3      | Found a glowing drain.
  1699 | Sewer    | Entered a sewer
  1830 | Sewer    | Reached *** piety under Trog
  1858 | Sewer    | Reached XP level 5. HP: 45/45 MP: 4/4
  1868 | Sewer    | Reached skill level 7 in Polearms
  2338 | Sewer    | Reached skill level 8 in Polearms
  2338 | Sewer    | Reached XP level 6. HP: 4/51 MP: 5/5
  2726 | D:3      | Reached **** piety under Trog
  2771 | D:3      | Found a runed translucent door.
  2868 | D:3      | Identified the +1 leather armour of Darkness {rElec rF+}
  3183 | D:3      | Reached skill level 9 in Polearms
  3194 | D:3      | Found an ornate altar of the Wu Jian Council.
  3194 | D:3      | Found a hide-covered altar of Uskayaw.
  3232 | D:3      | Found a runed translucent door.
  3233 | D:3      | Noticed kd29's ghost (amateur OpTm)
  3304 | D:3      | Killed kd29's ghost
  3305 | D:3      | Reached XP level 7. HP: 47/57 MP: 6/6
  3403 | D:4      | Reached skill level 10 in Polearms
  3523 | D:4      | Noticed Edmund
  3532 | D:4      | Killed Edmund
  4142 | D:4      | Found a runed translucent door.
  4143 | D:4      | Noticed Crazy Yiuf
  4153 | D:4      | Killed Crazy Yiuf
  4446 | D:5      | Entered Level 5 of the Dungeon
  4575 | D:5      | Reached skill level 11 in Polearms
  4770 | D:5      | Reached XP level 8. HP: 36/64 MP: 7/7
  4987 | D:5      | Found a broken altar of Ashenzari.
  5025 | D:5      | Found a staircase to the Ecumenical Temple.
  5059 | D:5      | Reached skill level 12 in Polearms
  5088 | D:5      | Found an ancient bone altar of Kikubaaqudgha.
  5090 | D:5      | Identified a scroll of acquirement
  5090 | D:5      | Acquired the amulet of Idynkolo {Regen+ Str+5 Int+5}
  5230 | D:5      | Found a shimmering blue altar of Sif Muna.
  5266 | D:5      | Noticed Prince Ribbit
  5303 | D:5      | Killed Prince Ribbit
  5342 | D:5      | Reached skill level 13 in Polearms
  5651 | D:6      | Reached skill level 14 in Polearms
  5764 | D:6      | Slain by an orc warrior

Illustrated notes

Levels and vault maps discovered:
D:1:      amcnicky_arrival_single_pillar, layout_loops_ring
D:2:      layout_loops_cross, serial_shops, nicolae_diamond_shop,
          dreamdust_ecumenical_altar_sealed_demon
D:3:      layout_basic, gammafunk_temple_overflow_statue, portal_sewer_entry_f,
          ebering_ghost_sewer_f
D:4:      minmay_door_path, layout_cave_pods, uniq_edmund,
          uniq_crazy_yiuf_cottage
D:5:      layout_basic, nicolae_ashenzari_panopticon, led_sif_pool,
          mainiacjoe_overflow_chevrons, minmay_temple_entry_drinking_statues,
          uniq_prince_ribbit1
D:6:      layout_rooms, abandoned_shop

Skill      XL: |  1  2  3  4  5  6  7  8 |
---------------+-------------------------+-----
Polearms       | 4 5 6 8 9 11 14 | 14.1
Fighting       | |  3.6
Throwing       | |  0.8
Armour         | |  2.4
Dodging        | |  2.1

Action                   |  1- 3 |  4- 6 |  7- 9 || total
-------------------------+-------+-------+-------++-------
Melee: Spear             |   114 |   248 |   197 ||   559
       Headbutt          |    20 |    27 |    24 ||    71
       Punch             |       |     3 |     2 ||     5
Throw: Boomerang         |       |       |     3 ||     3
Invok: Berserk           |       |     1 |     1 ||     2
       Trog's Hand       |       |     1 |       ||     1
  Use: Scroll            |       |     7 |     6 ||    13
 Stab: Sleeping          |     1 |       |       ||     1
Armor: Animal skin       |     4 |       |       ||     4
       Scale mail        |    19 |    61 |    32 ||   112
Dodge: Dodged            |    35 |    86 |    31 ||   152

Table legend: (Time is in decaauts)
 A = Elapsed time spent in this place.
 B = Non-inter-level travel time spent in this place.
 C = Inter-level travel time spent in this place.
 D = Time resting spent in this place.
 E = Time spent auto-exploring this place.
 F = Levels seen in this place.
 G = Mean time per level.
                   A        B        C        D        E       F      G
               +--------+--------+--------+--------+--------+-----+--------+
         Total |   5674 |   5593 |     81 |    559 |   3990 |   7 |  810.6 |
       Dungeon |   4695 |   4614 |     81 |     13 |   3846 |   6 |  782.5 |
         Sewer |    978 |    978 |      0 |    546 |    144 |   1 |  978.0 |
               +--------+--------+--------+--------+--------+-----+--------+

Top non-repeatable levels by time:
     D:4: 1076 daAuts
   Sewer: 978 daAuts
     D:5: 953 daAuts
     D:1: 817 daAuts
     D:2: 800 daAuts
     D:3: 765 daAuts
     D:6: 283 daAuts
